 Dungeon Crawl Stone Soup version 0.24.0-37-gcf1ca852f1 (console) character file.

Game seed: 11455792875938711824, levelgen mode: deterministic

3556 Cab the Scholar of Death (level 9, -8/57 HPs)
             Began as a Mummy Necromancer on Nov 23, 2019.
             Was a Follower of Kikubaaqudgha.
             Killed from afar by a deep elf mage (36 damage)
             ... with a bolt of fire
             ... in a bailey.
             The game lasted 00:38:33 (8589 turns).

Cab the Scholar of Death (Mummy Necromancer)        Turns: 8589, Time: 00:38:34

Health: -8/57      AC: 10    Str: 14    XL:     9   Next: 83%
Magic:  9/19       EV:  9    Int: 17    God:    Kikubaaqudgha [*.....]
Gold:   462        SH:  0    Dex: 13    Spells: 14/22 levels left

rFire    x . .     SeeInvis .   o - +2 dagger (venom)
rCold    + . .     Gourm    +   (no shield)
rNeg     + + +     Faith    .   l - +0 scale mail
rPois    ∞         Spirit   .   (no helmet)
rElec    .         Reflect  .   k - +0 cloak
rCorr    .         Harm     .   a - +0 pair of gloves {archery}
MR       +....                  (no boots)
Stlth    ..........             j - amulet of the gourmand
HPRegen  0.19/turn              n - +3 ring of strength
MPRegen  0.16/turn              p - +2 ring of protection

@: no status effects
A: no food or potions, fire vulnerability, cold resistance 1, negative energy
resistance 3, torment resistance, unbreathing
a: Receive Corpses, Renounce Religion


You were in a bailey.
You worshipped Kikubaaqudgha.
Kikubaaqudgha was aware of your devotion.
You were not hungry.

You visited 2 branches of the dungeon, and saw 9 of its levels.
You also visited: Bailey.

You collected 462 gold pieces.

Inventory:

Hand Weapons
 o - a +2 dagger of venom (weapon)
Missiles
 i - 2 atropa-tipped darts (quivered)
Armour
 a - a +0 pair of gloves of archery (worn)
 k - a +0 cloak (worn)
 l - a +0 scale mail (worn)
Jewellery
 j - an amulet of the gourmand (around neck)
 n - a +3 ring of strength (left hand)
 p - a +2 ring of protection (right hand)
 t - an uncursed ring of wizardry
Wands
 m - a wand of flame (11)
 s - a wand of disintegration (22)
Scrolls
 b - a scroll of enchant armour {unknown}
 c - a scroll of remove curse
 e - 2 scrolls of teleportation
 f - 3 scrolls of fog
 g - a scroll of amnesia {unknown}
 h - a scroll of enchant weapon


   Skills:
 - Level 1.5 Dodging
 - Level 1.5 Stealth
 - Level 7.1 Spellcasting
 * Level 13.1 Necromancy
 - Level 0.1 Evocations


You had 14 spell levels left.
You knew the following spells:

 Your Spells              Type           Power        Failure   Level  Hunger
a - Pain                  Necr           ####         1%          1    N/A
b - Vampiric Draining     Necr           ######....   1%          3    N/A
c - Animate Dead          Necr           N/A          2%          4    N/A

Your spell library contained the following spells:

 Spells                   Type           Power        Failure   Level  Hunger
 Animate Skeleton         Necr           N/A          1%          1    N/A
 Corpse Rot               Necr           N/A          1%          2    N/A
 Confusing Touch          Hex            #.....       45%         1    N/A
 Corona                   Hex            #......      45%         1    N/A
 Ensorcelled Hibernation  Hex/Ice        #.....       61%         2    N/A
 Confuse                  Hex            #.......     83%         3    N/A
 Dazzling Spray           Conj/Hex       #.....       83%         3    N/A
 Gell's Gravitas          Tloc           #.........   83%         3    N/A
 Tukima's Dance           Hex            #.......     83%         3    N/A
 Petrify                  Tmut/Erth      #.......     99%         4    N/A
 Metabolic Englaciation   Hex/Ice        #.........   100%        5    N/A
 Yara's Violent Unravell  Hex/Tmut       #.........   100%        5    N/A
 Regeneration             Chrm/Necr      Unusable     N/A         3    N/A

Dungeon Overview and Level Annotations

Branches:
Dungeon (8/15)             Temple (1/1) D:6          Bailey (1/1)
   Lair: D:8-11

Altars:
Cheibriados
Dithmenos
Elyvilon
Fedhas
Gozag
Hepliaklqana
Kikubaaqudgha
Makhleb
Okawaru
Qazlal
Sif Muna
Trog
Uskayaw
Vehumet
Wu Jian
Xom
Yredelemnul
Zin
The Shining One

Annotations:
D:3 3 runed translucent doors, PentaManta's ghost, weakling OpFi


Innate Abilities, Weirdness & Mutations

You do not eat or drink.
Your flesh is vulnerable to fire.
You are immune to poison.
Your flesh is cold resistant. (rC+)
You are immune to negative energy. (rN+++)
You are immune to unholy pain and torment.
You can survive without breathing.


Message History

Aiming: Vampiric Draining (safe; 1% risk of failure)
Press: ? - help, Shift-Dir - straight line, f/p - deep elf mage
Aim: a deep elf mage, wielding a +0 short sword and wearing a +2 leather armour of magic resistance (almost dead)
You kill the deep elf mage!
Kikubaaqudgha accepts your kill.
Your Necromancy skill increases to level 13!
You feel life coursing into your body.
The deep elf mage points at you and mumbles some strange words.
The sticky flame hits your deep elf mage zombie!
Your deep elf mage zombie is covered in liquid flames!
The deep elf mage mumbles some strange words.
The deep elf mage blinks!
Your deep elf mage zombie burns!
Your deep elf mage zombie hits the deep elf mage with a +0 rapier!
The deep elf mage points at you and mumbles some strange words.
The bolt of fire hits your deep elf mage zombie!!
The bolt of fire hits you!!! The fire burns you terribly!
Ouch! That really hurt!
You die...
Kikubaaqudgha rasps: "You have failed me!
Welcome... oblivion!" ∙∙▒▒ ∙∙∙∙▒ ∙∙∙∙▒ ∙∙∙∙

▒e∙ ▒▒▒▒▒'▒
▒▒∙∙∙e▒
▒∙∙∙Z∙▒
▒∙∙@∙∙▒
▒∙∙∙∙∙▒
▒▒▒∙∙∙▒▒
▒▒∙∙▒▒'▒▒▒▒
▒∙∙∙∙▒▒∙∙∙▒▒
▒∙∙∙∙▒∙∙∙∙∙▒
▒▒∙∙▒▒∙∙∩∙∙▒
▒▒▒▒▒▒∙∙∙▒▒
▒▒▒▒▒


You could see 2 deep elf magi and a friendly deep elf mage zombie (burning).

Vanquished Creatures
  Erica (D:8)
  2 deep elf magi (Bailey)
  Sigmund (D:2)
  Duvessa (D:7)
  2 ice beasts
  3 ogres
  A centaur (D:7)
  A big kobold (D:7)
  2 bullfrogs
  Dowan (D:7)
  A scorpion (D:4)
  A howler monkey (D:8)
  A bullfrog zombie (D:5)
  3 orc priests
  3 hounds
  A jelly (D:5)
  2 bullfrog skeletons
  2 orc wizards
  An iguana (D:4)
  5 worker ants
  A hound skeleton (D:2)
  A howler monkey zombie (D:5)
  A gnoll (D:7)
  11 adders
  An ooze (D:4)
  3 worms
  4 dart slugs
  6 leopard geckos
  14 orcs
  6 bats
  4 giant cockroaches
  7 hobgoblins
  13 jackals
  6 kobolds
  5 quokkas
  8 frilled lizards
  17 goblins
  A leopard gecko skeleton (D:5)
  7 rats
151 creatures vanquished.

Vanquished Creatures (collateral kills)
  A phantom (D:4)
  2 ogres
  A bullfrog (D:6)
  A bullfrog skeleton (D:5)
  A worker ant (D:7)
  An adder (D:7)
  3 gnolls (D:7)
  A howler monkey skeleton (D:6)
  An ooze (D:6)
  An adder skeleton (D:7)
  2 giant cockroaches (D:4)
  A jackal (D:6)
  A quokka (D:6)
  A kobold (D:7)
18 creatures vanquished.

Vanquished Creatures (others)
  A fungus (D:3)
  3 plants (D:3)
4 creatures vanquished.

Grand Total: 173 creatures vanquished

Notes
Turn   | Place    | Note
-------+----------+-------------------------------------------
     0 | D:1      | Cab the Mummy Necromancer began the quest for the Orb.
     0 | D:1      | Reached XP level 1. HP: 13/13 MP: 4/4
   343 | D:1      | Reached XP level 2. HP: 19/19 MP: 2/5
   928 | D:1      | Reached XP level 3. HP: 24/24 MP: 5/7
   935 | D:1      | Learned a level 3 spell: Vampiric Draining
  1135 | D:2      | Noticed Sigmund
  1313 | D:2      | Reached skill level 5 in Necromancy
  1895 | D:1      | Reached XP level 4. HP: 20/30 MP: 5/8
  2335 | D:3      | Learned a level 4 spell: Animate Dead
  2552 | D:3      | Found a faded altar of an unknown god.
  2582 | D:3      | Reached skill level 6 in Necromancy
  2740 | D:3      | Noticed PentaManta's ghost (weakling OpFi)
  2741 | D:3      | Found a runed translucent gate.
  2741 | D:3      | Found a runed translucent gate.
  2741 | D:3      | Found a runed translucent gate.
  2741 | D:3      | Noticed a big kobold
  2748 | D:3      | Identified the cursed +1 short sword "Worm" {venom, Fragile
                  | +Rage Int+4}
  3163 | D:3      | Found a shadowy altar of Dithmenos.
  3166 | D:3      | Found an ornate altar of the Wu Jian Council.
  3462 | D:4      | Reached XP level 5. HP: 28/35 MP: 3/9
  3612 | D:4      | Found a shimmering blue altar of Sif Muna.
  3661 | D:4      | Noticed a phantom
  3781 | D:4      | Noticed an ogre
  3787 | D:4      | Killed an ogre
  3787 | D:4      | Reached skill level 7 in Necromancy
  3787 | D:4      | Reached XP level 6. HP: 27/41 MP: 2/10
  4699 | D:2      | Reached skill level 8 in Necromancy
  4951 | D:2      | Killed Sigmund
  4951 | D:2      | Reached XP level 7. HP: 30/46 MP: 4/11
  5319 | D:4      | Reached skill level 9 in Necromancy
  5679 | D:5      | Entered Level 5 of the Dungeon
  6043 | D:5      | You fall into a shaft and drop 1 floor!
  6184 | D:6      | Found a staircase to the Ecumenical Temple.
  6190 | Temple   | Entered the Ecumenical Temple
  6195 | Temple   | Became a worshipper of Kikubaaqudgha
  6332 | D:6      | Reached skill level 10 in Necromancy
  6352 | D:6      | Reached XP level 8. HP: 20/52 MP: 2/12
  6851 | D:5      | Found an iron altar of Okawaru.
  7095 | D:5      | Reached * piety under Kikubaaqudgha
  7095 | D:5      | Identified Kikubaaqudgha's Disquisition on Sinister Arts
                  | (Kikubaaqudgha gifted it to you on level 5 of the Dungeon)
  7095 | D:5      | Received a gift from Kikubaaqudgha
  7581 | D:7      | Noticed Duvessa
  7581 | D:7      | Noticed Dowan
  7663 | D:7      | Killed Duvessa
  7663 | D:7      | Reached skill level 11 in Necromancy
  7672 | D:7      | Killed Dowan
  7845 | D:7      | Reached skill level 5 in Spellcasting
  8073 | D:7      | Reached XP level 9. HP: 57/57 MP: 13/17
  8280 | D:8      | Noticed Erica
  8302 | D:8      | Killed Erica
  8302 | D:8      | Reached skill level 12 in Necromancy
  8325 | D:8      | Found a flagged portal.
  8332 | Bailey   | Entered a bailey
  8434 | Bailey   | Noticed a deep elf mage
  8444 | Bailey   | Killed a deep elf mage
  8579 | Bailey   | Noticed a deep elf mage
  8581 | Bailey   | Noticed a deep elf mage
  8582 | Bailey   | Noticed a deep elf mage
  8587 | Bailey   | Killed a deep elf mage
  8587 | Bailey   | Reached skill level 13 in Necromancy
  8589 | Bailey   | Killed from afar by a deep elf mage

Levels and vault maps discovered:
D:1:      eino_arrival_cavern_a, layout_basic, minmay_misc_feat_encased,
          supply_closet_lemuel
D:2:      layout_basic, kennysheep_generic_room_4, uniq_sigmund
D:3:      layout_loops_corners, grunt_temple_overflow_open,
          chequers_ecumenical_altar_simple, gammafunk_ghost_nasty_kobolds,
          kennysheep_nub, minmay_goblin_outpost
D:4:      layout_gridville, overflow_temple_1_default, first_ration
D:5:      layout_basic, kennysheep_okawaru_gauntlet
D:6:      layout_rooms, minmay_temple_entry_hall, chequers_serial_rivers_small_a
D:7:      layout_rooms, uniq_duvessa
D:8:      layout_loops_corners, old_standard_altar, minitemple, serial_shops,
          shop, enter_bailey_1, grunt_ministairs_13, uniq_erica
Temple:   minmay_freezing_vapour_temple
Bailey:   bailey_polearm_3, bailey

Skill      XL: |  1  2  3  4  5  6  7  8  9 |
---------------+----------------------------+-----
Spellcasting   | 3 5 7 |  7.1
Necromancy     | 5 6 7 8 10 11 13 | 13.1
Dodging        | |  1.5
Stealth        | |  1.5
Evocations     | |  0.1

Action                   |  1- 3 |  4- 6 |  7- 9 || total
-------------------------+-------+-------+-------++-------
Melee: Unarmed           |     6 |    61 |       ||    67
       Dagger            |       |       |   174 ||   174
Throw: Dart              |       |     3 |     1 ||     4
 Cast: Pain              |    72 |   109 |   115 ||   296
       Animate Dead      |       |     3 |     6 ||     9
       Vampiric Draining |       |     5 |    24 ||    29
Evoke: Wand              |       |       |     2 ||     2
  Use: Scroll            |     1 |       |     5 ||     6
 Stab: Distracted        |       |       |     1 ||     1
Armor: Robe              |     9 |     9 |       ||    18
       Scale mail        |       |    18 |   118 ||   136
Dodge: Dodged            |    29 |    51 |   116 ||   196
